[Event "Titled Tuesday Blitz October 31 Late 2023"]
[White "Elsa167"]
[Black "Grigoriants, Sergey"]
[BlackFideId "4130804"]
[WhiteElo "2959"]
[BlackElo "2901"]
[Result "1-0"]
[Round "9"]
[TimeControl "180+1"]
[Date "2023.10.31"]
[WhiteClock "0:00:05"]
[BlackClock "0:00:06"]
[Board "8"]

1. d4 d5 2. c4 c6 3. cxd5 cxd5 4. Bf4 Nc6 5. e3 Nf6 6. Nc3 Bg4 7. Qb3 Na5 8. Qa4+ Bd7 9. Qc2 e6 10. Bd3 Rc8 11. Nf3 Be7 12. h3 O-O 13. O-O b5 14. a3 a6 15. Ne5 Nc4 16. Rfc1 h6 17. Qe2 Qa5 18. a4 Qb6 19. Nxd7 Nxd7 20. axb5 axb5 21. b3 Na5 22. Qa2 Nc6 23. Bxb5 Nf6 24. Qe2 Nb4 25. Na4 Qb7 26. Nc5 Qb6 27. Na4 Qb7 28. Bd3 Ne4 29. Bxe4 dxe4 30. Nc5 Qd5 31. Qc4 Bxc5 32. dxc5 Nd3 33. Bd6 Nxc1 34. Rxc1 Rfd8 35. Qxd5 exd5 36. Rd1 Rd7 37. b4 Rb7 38. Rd4 f6 39. f3 Kf7 40. fxe4 dxe4 41. Rxe4 Ra8 42. c6 Rb6 43. Rc4 Rc8 44. b5 Rxb5 45. c7 Rd5 46. Bg3 Ke6 47. Kh2 Rd7 48. Re4+ Kf5 49. Rc4 Ke6 50. Rc5 Rd5 51. Rc6+ Kd7 52. Rc4 Rd3 53. e4 Rd2 54. e5 fxe5 55. Bxe5 g6 56. Bf4 g5 57. Bxd2 Rxc7 58. Rxc7+ Kxc7 59. Kg3 1-0


[Site "https://www.chess.com"]

[Event "Titled Tuesday Blitz October 31 Late 2023"]
[White "Hong, Andrew"]
[Black "Kazakouski, Valery"]
[WhiteFideId "2099438"]
[BlackFideId "13507443"]
[WhiteElo "2952"]
[BlackElo "2892"]
[Result "1-0"]
[Round "9"]
[TimeControl "180+1"]
[Date "2023.10.31"]
[WhiteClock "0:00:20"]
[BlackClock "0:00:06"]
[Board "9"]

1. d4 Nf6 2. c4 e6 3. Nf3 d5 4. g3 dxc4 5. Bg2 a6 6. O-O Nc6 7. a4 Rb8 8. a5 b5 9. axb6 cxb6 10. Bf4 Bd6 11. Ne5 Ne7 12. Bc6+ Kf8 13. Bg2 b5 14. b3 cxb3 15. Qxb3 h6 16. Nc3 g5 17. Bc1 Kg7 18. Bb2 Qb6 19. e3 Bb7 20. f3 Ned5 21. Ne4 Bxe5 22. dxe5 Nxe4 23. Bd4 Nc5 24. Qb1 Rbc8 25. f4 Qd8 26. f5 Nd7 27. Qb2 Rc4 28. Qf2 exf5 29. Qxf5 Qe7 30. e6+ Rxd4 31. Qxf7+ Qxf7 32. Rxf7+ Kg6 33. exd4 Bc6 34. Be4+ Kh5 35. exd7 Rd8 36. Rxa6 1-0


[Site "https://www.chess.com"]

[Event "Titled Tuesday Blitz October 31 Late 2023"]
[White "Sjugirov, Sanan"]
[Black "Gokerkan, Cem Kaan"]
[WhiteFideId "4189302"]
[BlackFideId "6336760"]
[WhiteElo "2945"]
[BlackElo "2867"]
[Result "0-1"]
[Round "9"]
[TimeControl "180+1"]
[Date "2023.10.31"]
[WhiteClock "0:00:00"]
[BlackClock "0:00:04"]
[Board "10"]

1. d4 Nf6 2. c4 e6 3. Nf3 b6 4. g3 Ba6 5. b3 Bb4+ 6. Bd2 Be7 7. Bg2 c6 8. Bc3 d5 9. Nbd2 O-O 10. Qc2 Nbd7 11. e4 dxe4 12. Nxe4 Nxe4 13. Qxe4 c5 14. O-O Nf6 15. Qe2 Bb7 16. Rfd1 Qc7 17. dxc5 Bxc5 18. Bxf6 gxf6 19. Ne1 Rad8 20. Bxb7 Qxb7 21. Ng2 f5 22. Nf4 Qe4 23. Qh5 Bd4 24. Qg5+ Kh8 25. Rac1 Rg8 26. Qh4 Rd6 27. Rd2 e5 28. Ng2 Qf3 29. Qe7 Rh6 30. Re1 Qh5 31. h4 f4 32. Rxd4 exd4 33. Nxf4 Qxh4 34. Qe5+ Qf6 35. Qe4 Rh4 36. Kf1 Rhg4 37. Qf3 R4g5 38. Re4 Rd8 39. Qd3 Re5 40. Nd5 Qf5 41. Rxd4 Qxd3+ 42. Rxd3 b5 43. Kg2 bxc4 44. bxc4 Kg7 45. Ra3 Rd7 46. Ne3 Rc5 47. Ra6 Rb7 48. Kf3 Kf8 49. Kf4 Ke8 50. g4 Rcc7 51. Rh6 Rb2 52. a4 Rxf2+ 53. Kg3 Ra2 54. a5 Rxa5 55. Rxh7 Ra3 56. Kf4 a5 57. Rh8+ Kd7 58. Ra8 a4 59. g5 Kd6 60. Ke4 Kc5 61. Nd5 Rc6 62. Ne3 Re6+ 63. Kf4 Rexe3 0-1


[Site "https://www.chess.com"]

[Event "Titled Tuesday Blitz October 31 Late 2023"]
[White "Alexandre, Anne Shopie Elizabeth"]
[Black "Chigaev, Maksim"]
[WhiteFideId "11902418"]
[BlackFideId "4108116"]
[WhiteElo "2848"]
[BlackElo "2941"]
[Result "1-0"]
[Round "9"]
[TimeControl "180+1"]
[Date "2023.10.31"]
[WhiteClock "0:00:10"]
[BlackClock "0:00:00"]
[Board "11"]

1. e4 c5 2. Nf3 d6 3. Bb5+ Bd7 4. Bxd7+ Qxd7 5. c4 e5 6. Nc3 Nc6 7. d3 f5 8. exf5 Qxf5 9. O-O Nf6 10. Ng5 h6 11. Nge4 Be7 12. Be3 O-O 13. Nxf6+ Bxf6 14. Ne4 Rad8 15. Qb3 b6 16. f4 exf4 17. Rxf4 Qe6 18. Raf1 Bd4 19. Rxf8+ Rxf8 20. Rxf8+ Kxf8 21. Bxd4 Nxd4 22. Qa4 a5 23. Qd1 d5 24. cxd5 Qxd5 25. b3 Ne6 26. g3 Ke7 27. Qe2 Qe5 28. Kg2 Nd4 29. Qf2 Qf5 30. Qe3 Kd7 31. h4 Qg4 32. Nf2 Qe6 33. Qf4 Kc6 34. Ne4 a4 35. Qf8 axb3 36. axb3 Qxb3 37. Qe8+ Kc7 38. Qe7+ Kb8 39. Qf8+ Ka7 40. Qxg7+ Ka6 41. Qxh6 Ne6 42. h5 Qd5 43. Qf6 c4 44. h6 cxd3 45. Qf3 d2 46. Nc3 Qd8 47. Qe2+ Kb7 48. Qxe6 Qd3 49. Nd1 1-0


[Site "https://www.chess.com"]

[Event "Titled Tuesday Blitz October 31 Late 2023"]
[White "Ibarra Jerez, Jose Carlos"]
[Black "Pakleza, Zbigniew"]
[WhiteFideId "2226332"]
[BlackFideId "1119290"]
[WhiteElo "2927"]
[BlackElo "2841"]
[Result "1-0"]
[Round "9"]
[TimeControl "180+1"]
[Date "2023.10.31"]
[WhiteClock "0:01:02"]
[BlackClock "0:00:06"]
[Board "12"]

1. e4 d6 2. d4 Nf6 3. Nc3 c6 4. f4 Qb6 5. Nf3 Bg4 6. Be2 Bxf3 7. Bxf3 e5 8. d5 Nbd7 9. Qe2 Be7 10. Rb1 cxd5 11. exd5 O-O 12. Be3 Qa5 13. O-O Rfe8 14. b4 Qd8 15. Qd2 Nb6 16. Qd3 Rc8 17. fxe5 dxe5 18. Rfd1 Nc4 19. Bf2 a6 20. b5 a5 21. Ne4 Nxe4 22. Bxe4 g6 23. d6 Nxd6 24. Bd5 Qc7 25. c4 e4 26. Qh3 b6 27. c5 bxc5 28. b6 Qb8 29. Bg3 Red8 30. Bxf7+ Kxf7 31. Qxh7+ Kf8 32. Qxg6 1-0


[Site "https://www.chess.com"]

[Event "Titled Tuesday Blitz October 31 Late 2023"]
[White "Cordova, Emilio"]
[Black "Brodsky, David"]
[WhiteFideId "3801497"]
[BlackFideId "2073250"]
[WhiteElo "2922"]
[BlackElo "2825"]
[Result "1-0"]
[Round "9"]
[TimeControl "180+1"]
[Date "2023.10.31"]
[WhiteClock "0:00:52"]
[BlackClock "0:00:00"]
[Board "13"]

1. d4 Nf6 2. Bg5 Ne4 3. h4 d5 4. Nd2 Bf5 5. Nxe4 Bxe4 6. f3 h6 7. Bf4 Bh7 8. e3 e6 9. Bd3 Bxd3 10. Qxd3 c5 11. c3 Nc6 12. Ne2 Bd6 13. dxc5 Bxc5 14. Nd4 O-O 15. Nxc6 bxc6 16. O-O-O Qe7 17. e4 Rfd8 18. Kb1 e5 19. Bc1 Rab8 20. g4 a5 21. g5 h5 22. g6 fxg6 23. exd5 Qf7 24. Qe4 Rxd5 25. Rxd5 Qxd5 26. Qxg6 Qxf3 27. Qe6+ Kh7 28. Re1 Qxc3 29. Qf5+ Kg8 30. Rxe5 Bf8 31. Qe6+ 1-0


[Site "https://www.chess.com"]

[Event "Titled Tuesday Blitz October 31 Late 2023"]
[White "Troff, Kayden"]
[Black "Bauman_Guy"]
[WhiteFideId "2047896"]
[WhiteElo "2790"]
[BlackElo "2913"]
[Result "0-1"]
[Round "9"]
[TimeControl "180+1"]
[Date "2023.10.31"]
[WhiteClock "0:00:54"]
[BlackClock "0:01:23"]
[Board "14"]

1. d4 Nf6 2. Nf3 b6 3. Bf4 Bb7 4. e3 g6 5. Nbd2 Bg7 6. h4 d6 7. Be2 Nbd7 8. Bg3 O-O 9. Ng5 h6 10. Nh3 e5 11. dxe5 Nxe5 12. Nf3 Re8 13. Nf4 Ne4 14. Bh2 Nxf3+ 15. gxf3 Qxh4 16. fxe4 Bxe4 17. Bf3 Bxb2 18. Bxe4 Rxe4 19. Qf3 Rae8 20. Rd1 Rxe3+ 21. Qxe3 Rxe3+ 22. Kf1 Rf3 23. Nd3 Bd4 24. Kg2 Rxf2+ 25. Nxf2 Qxf2+ 26. Kh3 Qf5+ 27. Kg2 Qg4+ 28. Bg3 h5 29. Rd3 Qe4+ 30. Kh2 h4 31. Be1 Be5+ 32. Kg1 Qxe1+ 33. Kg2 Qe2+ 34. Kh3 Qxc2 35. Rf3 Qe4 36. Rhf1 f5 37. a4 Qg4# 0-1


[Site "https://www.chess.com"]

[Event "Titled Tuesday Blitz October 31 Late 2023"]
[White "Zhigalko, Sergei"]
[Black "Korpics, Zsolt"]
[WhiteFideId "13502956"]
[BlackFideId "705241"]
[WhiteElo "2913"]
[BlackElo "2447"]
[Result "1-0"]
[Round "9"]
[TimeControl "180+1"]
[Date "2023.10.31"]
[WhiteClock "0:00:15"]
[BlackClock "0:00:11"]
[Board "15"]

1. e4 c5 2. Nf3 e6 3. c3 Nf6 4. e5 Nd5 5. Bc4 Nb6 6. Bb3 d5 7. d4 cxd4 8. cxd4 Nc6 9. Nc3 Be7 10. O-O Bd7 11. Bc2 Nb4 12. Bb1 Rc8 13. a3 Nc6 14. Re1 a5 15. Bc2 Na7 16. Bd3 Nc4 17. Nd2 b5 18. Qg4 g6 19. Nf3 Qb6 20. Ne2 a4 21. Rb1 Na5 22. Bh6 Nb3 23. Qf4 Nc6 24. Rbd1 b4 25. Ng5 Bxg5 26. Bxg5 Nbxd4 27. Nxd4 Qxd4 28. Qf6 Rg8 29. Ba6 Qb6 30. Bxc8 Bxc8 31. Rc1 Kf8 32. Bh6+ Ke8 33. Bg5 Kf8 34. Rxc6 Qxc6 35. Qd8+ Qe8 36. Bh6+ Rg7 37. Bxg7+ 1-0


[Site "https://www.chess.com"]

[Event "Titled Tuesday Blitz October 31 Late 2023"]
[White "Szpar, Milosz"]
[Black "Rustemov, Alexander"]
[WhiteFideId "1184989"]
[BlackFideId "4119002"]
[WhiteElo "2784"]
[BlackElo "2856"]
[Result "1-0"]
[Round "9"]
[TimeControl "180+1"]
[Date "2023.10.31"]
[WhiteClock "0:00:05"]
[BlackClock "0:00:00"]
[Board "16"]

1. Nf3 d5 2. e3 Nf6 3. c4 c6 4. Nc3 a6 5. d4 b5 6. b3 Bg4 7. h3 Bxf3 8. Qxf3 e6 9. Bd2 Nbd7 10. Qd1 Bd6 11. Be2 O-O 12. O-O Qe7 13. Qc2 Rfb8 14. Bd3 h6 15. f4 bxc4 16. bxc4 c5 17. cxd5 exd5 18. dxc5 Nxc5 19. Rae1 Re8 20. Ne2 Nxd3 21. Qxd3 Bc5 22. Kh2 Qe4 23. Nc1 Qc4 24. Bc3 Ne4 25. Ba1 Rac8 26. Qd1 Ba7 27. Nb3 Red8 28. Qg4 Nc3 29. Bxc3 Qxc3 30. Rc1 h5 31. Qxh5 Qxe3 32. Rxc8 Rxc8 33. Qxd5 Bb8 34. Qf3 Qxf3 35. Rxf3 Rc2 36. a3 g5 37. Nd4 Rc4 38. Ne2 gxf4 39. h4 Kg7 40. Kh3 Kg6 41. Rb3 Bc7 42. Ng1 a5 43. Nf3 a4 44. Rd3 f6 45. Rd5 Rc3 46. Kg4 Rxa3 47. h5+ Kh6 48. Nd4 Rg3+ 49. Kh4 Kh7 50. Nf5 Be5 51. Nxg3 fxg3 52. Ra5 Kh6 53. Rxa4 Kg7 54. Kg4 Kh6 55. Ra8 Bd6 56. Kf5 Be5 57. Rg8 Kh7 58. Rg6 Bd4 59. Rxg3 Be5 60. Rg6 Bd4 61. Rxf6 1-0


[Site "https://www.chess.com"]

[Event "Titled Tuesday Blitz October 31 Late 2023"]
[White "Maximov, Dmitry"]
[Black "Kamsky, Gata"]
[WhiteFideId "14105659"]
[BlackFideId "2000024"]
[WhiteElo "2736"]
[BlackElo "2827"]
[Result "1-0"]
[Round "9"]
[TimeControl "180+1"]
[Date "2023.10.31"]
[WhiteClock "0:01:17"]
[BlackClock "0:00:00"]
[Board "17"]

1. e4 c5 2. Nf3 e6 3. c3 Nf6 4. Bd3 Nc6 5. Bc2 b6 6. O-O Bb7 7. Re1 Rc8 8. d3 Be7 9. Nbd2 O-O 10. Nf1 d6 11. Ng3 Qc7 12. Bf4 Ne5 13. h3 Rfd8 14. Qe2 b5 15. a3 a5 16. Rec1 Ng6 17. Bg5 h6 18. Bd2 Qb6 19. d4 e5 20. Be3 Bf8 21. d5 a4 22. Nh2 Rb8 23. Ng4 Nxg4 24. hxg4 Be7 25. Nf5 Bg5 26. g3 Bc8 27. Kg2 f6 28. Rh1 Kf7 29. Bxg5 fxg5 30. Qf3 Rf8 31. Nxh6+ Ke8 32. Nf5 Rb7 33. Rh7 Rff7 34. Rah1 Kd8 35. Rxg7 1-0


[Site "https://www.chess.com"]

[Event "Titled Tuesday Blitz October 31 Late 2023"]
[White "Rohan, Ahuja"]
[Black "Sokolovsky, Yahli"]
[WhiteFideId "5090598"]
[BlackFideId "2820242"]
[WhiteElo "2720"]
[BlackElo "2799"]
[Result "0-1"]
[Round "9"]
[TimeControl "180+1"]
[Date "2023.10.31"]
[WhiteClock "0:00:00"]
[BlackClock "0:00:10"]
[Board "18"]

1. Nf3 d6 2. d4 g6 3. b3 Bg7 4. Bb2 c5 5. g3 Nc6 6. Bg2 cxd4 7. Nxd4 Nxd4 8. Bxd4 Qa5+ 9. c3 Nf6 10. O-O O-O 11. c4 Qh5 12. e3 Bg4 13. f3 Bh3 14. e4 Bxg2 15. Kxg2 a6 16. Nc3 b5 17. cxb5 axb5 18. g4 Qg5 19. h4 Qxh4 20. Nxb5 Rfc8 21. a4 Rab8 22. Qe2 Rxb5 23. axb5 Nxg4 24. fxg4 Bxd4 25. Rac1 Ra8 26. Rh1 Qg5 27. Rc2 Ra3 28. Qf3 Qxb5 29. Qh3 Qb7 30. Qxh7+ Kf8 31. Qh6+ Bg7 32. Qe3 Rxb3 33. Rc8+ Qxc8 34. Qxb3 Qxg4+ 35. Kf1 Bd4 36. Qd3 Be5 0-1


[Site "https://www.chess.com"]

[Event "Titled Tuesday Blitz October 31 Late 2023"]
[White "Zavgorodniy, Sergiy"]
[Black "Javakhadze, Zurab"]
[WhiteFideId "14110148"]
[BlackFideId "13603647"]
[WhiteElo "2689"]
[BlackElo "2785"]
[Result "0-1"]
[Round "9"]
[TimeControl "180+1"]
[Date "2023.10.31"]
[WhiteClock "0:00:03"]
[BlackClock "0:00:03"]
[Board "19"]

1. d4 d5 2. c4 e6 3. Nf3 Nf6 4. e3 Bd6 5. Nbd2 O-O 6. Bd3 b6 7. O-O Bb7 8. Qe2 Nbd7 9. e4 dxe4 10. Nxe4 Nxe4 11. Bxe4 Bxe4 12. Qxe4 Nf6 13. Qe2 c5 14. Rd1 cxd4 15. Nxd4 Qc7 16. Nf3 h6 17. b3 Rfd8 18. Bb2 Be7 19. Ne5 Bc5 20. Kf1 Rxd1+ 21. Rxd1 Rd8 22. Rxd8+ Qxd8 23. Qd3 Qc7 24. h3 Bd6 25. Nf3 Nd7 26. Nd4 Nc5 27. Qf3 Be5 28. Nb5 Qb8 29. Nd4 Qd6 30. Nb5 Qb8 31. Nd4 Qe8 32. Qe2 Bf6 33. Nb5 Bxb2 34. Qxb2 a6 35. Nc3 Qd7 36. Qe2 Qd4 37. Qe3 Qd6 38. Ke2 f5 39. b4 Nd7 40. a3 Kf7 41. f4 Qc6 42. Qd4 Qxg2+ 43. Kd1 Qc6 44. Kc2 Nf6 45. Kb3 g5 46. fxg5 hxg5 47. a4 f4 48. b5 axb5 49. axb5 Qc7 50. Na4 f3 51. Nxb6 Qg3 52. Ka4 f2 53. Nd7 Qf4 54. Qa7 f1=Q 55. Ne5+ Ke8 56. Qf7+ Kd8 57. Qf8+ Ne8 58. Qc5 Qe4 59. Nc6+ Kc7 60. Ne5+ Kd8 61. Nc6+ Kc7 62. Qe7+ Kb6 63. Qd8+ Kc5 64. Qxe8 Qexc4+ 65. Ka5 Qa1# 0-1


[Site "https://www.chess.com"]

[Event "Titled Tuesday Blitz October 31 Late 2023"]
[White "DopplerCharlotteDeWitte"]
[Black "Bjelobrk, Igor"]
[BlackFideId "4300726"]
[WhiteElo "2757"]
[BlackElo "2634"]
[Result "0-1"]
[Round "9"]
[TimeControl "180+1"]
[Date "2023.10.31"]
[WhiteClock "0:01:19"]
[BlackClock "0:01:25"]
[Board "20"]

1. e4 e6 2. d4 d5 3. Nc3 Bb4 4. Ne2 dxe4 5. a3 Bxc3+ 6. Nxc3 Nc6 7. Bf4 Nf6 8. Bb5 Bd7 9. d5 exd5 10. Nxd5 Nxd5 11. Qxd5 O-O 12. O-O-O Bg4 13. Rd2 Qxd5 14. Rxd5 Rad8 15. Bxc6 bxc6 16. Ra5 Ra8 17. Re1 f5 18. Re3 a6 19. Rc3 Rf6 20. Bxc7 f4 21. Be5 Rf5 22. f3 exf3 23. gxf3 Bh5 24. Rxc6 Bxf3 25. Rc7 Rg5 26. Bxf4 Rxa5 0-1


[Site "https://www.chess.com"]

[Event "Titled Tuesday Blitz October 31 Late 2023"]
[White "Karamsetty, Jeevan"]
[Black "Schnaider, Ilan"]
[WhiteFideId "2025337"]
[BlackFideId "169013"]
[WhiteElo "2623"]
[BlackElo "2746"]
[Result "0-1"]
[Round "9"]
[TimeControl "180+1"]
[Date "2023.10.31"]
[WhiteClock "0:00:07"]
[BlackClock "0:00:06"]
[Board "21"]

1. e4 c5 2. Nc3 d6 3. Nf3 Nf6 4. e5 dxe5 5. Nxe5 e6 6. g3 Nbd7 7. Nf3 Be7 8. Bg2 O-O 9. d3 Nd5 10. O-O N7f6 11. Ne4 Qb6 12. Qe2 Rd8 13. c3 Bd7 14. Ne5 Bc6 15. Ng5 Be8 16. Re1 h6 17. Ne4 Rac8 18. h4 Nxe4 19. Bxe4 Nf6 20. Nc4 Qa6 21. Bg2 Bc6 22. Bf4 Bxg2 23. Kxg2 Nd5 24. Bd2 Bf6 25. a4 Ne7 26. Red1 Rd7 27. Bf4 Rcd8 28. Be5 Bxe5 29. Nxe5 Rd5 30. Kg1 Qd6 31. Nc4 Qd7 32. Ne5 Qc7 33. Nc4 Nf5 34. Rd2 b6 35. Rad1 a6 36. Ne3 Re5 37. Qf3 Nxe3 38. fxe3 Rf5 39. Qg4 h5 40. Qh3 Rf3 41. Kh2 Rxe3 42. Qg2 Rd5 43. Rf1 Rexd3 44. Rxd3 Rxd3 45. Qa8+ Rd8 46. Qg2 Qd7 47. Rf2 Qxa4 48. Qf3 Qd7 49. Qxh5 g6 50. Qh6 Qd5 51. Qf4 Rf8 52. Qh6 a5 53. Qe3 b5 54. Qe2 b4 55. Qb5 bxc3 56. bxc3 Qe5 57. Qxa5 Kg7 58. Kg2 Qd5+ 59. Kh2 Ra8 60. Qb5 Ra1 61. Rf1 Ra2+ 62. Kh3 Qg2+ 63. Kg4 Qe4+ 64. Rf4 Qe5 65. Qd3 Qh5+ 66. Kh3 Ra1 67. Qf3 Qxf3 68. Rxf3 Rd1 69. Kg4 Rc1 70. Kf4 Kf6 71. Ke4+ Ke7 72. Ke5 f6+ 73. Kf4 e5+ 74. Kg4 Ke6 75. h5 gxh5+ 76. Kxh5 f5 77. Kg5 Rg1 78. Rd3 e4 79. Re3 Ke5 80. Kh4 Rh1+ 81. Kg5 Rg1 82. Kh4 f4 83. gxf4+ Kxf4 84. Re2 Rh1+ 0-1


[Site "https://www.chess.com"]

[Event "Titled Tuesday Blitz October 31 Late 2023"]
[White "Koellner, Ruben Gideon"]
[Black "Gurevich, Dmitry"]
[WhiteFideId "12993093"]
[BlackFideId "2000407"]
[WhiteElo "2741"]
[BlackElo "2559"]
[Result "1/2-1/2"]
[Round "9"]
[TimeControl "180+1"]
[Date "2023.10.31"]
[WhiteClock "0:00:09"]
[BlackClock "0:00:05"]
[Board "22"]

1. d4 d5 2. Nf3 e6 3. e3 c5 4. c3 Nc6 5. Nbd2 Nf6 6. Bd3 Qc7 7. O-O b6 8. e4 cxd4 9. cxd4 Nb4 10. Bb5+ Bd7 11. Bxd7+ Nxd7 12. e5 Qc2 13. a3 Qxd1 14. Rxd1 Nc6 15. Nb3 Be7 16. Be3 O-O-O 17. Bg5 Bxg5 18. Nxg5 Rdf8 19. Rac1 Kb7 20. Rc3 h6 21. Nh3 Rc8 22. Nf4 g6 23. Rf3 Rc7 24. Nd3 Ndb8 25. g4 h5 26. Rh3 Rcc8 27. gxh5 Rxh5 28. Rxh5 gxh5 29. Kh1 Na5 30. Nxa5+ bxa5 31. Nc5+ Kc6 32. Rc1 Kb5 33. a4+ Kb6 34. Nd7+ Kb7 35. Rxc8 Kxc8 36. Nc5 Nc6 37. Nb3 Kb7 38. Kg2 Kb6 39. Kf3 Nb4 40. Kf4 Nd3+ 41. Kg5 Nxb2 42. Kxh5 Nxa4 43. Kg5 Nc3 44. f3 a4 45. Na1 Ne2 46. Nc2 a3 47. Nxa3 Nxd4 48. h4 Nxf3+ 49. Kf6 Nxh4 50. Kxf7 Nf3 51. Kxe6 Nxe5 52. Kxe5 Kc5 53. Kf4 Kd4 54. Nb5+ Kd3 55. Nxa7 d4 56. Nc6 Kc3 57. Ne5 d3 58. Nf3 d2 59. Nxd2 1/2-1/2


[Site "https://www.chess.com"]

[Event "Titled Tuesday Blitz October 31 Late 2023"]
[White "Krzyzanowski, Marcin"]
[Black "Sanchez Alvares, Kelvin Antonio"]
[WhiteFideId "1132199"]
[BlackFideId "3906680"]
[WhiteElo "2762"]
[BlackElo "2598"]
[Result "1/2-1/2"]
[Round "9"]
[TimeControl "180+1"]
[Date "2023.10.31"]
[WhiteClock "0:00:04"]
[BlackClock "0:00:05"]
[Board "23"]

1. c4 Nf6 2. g3 e6 3. Bg2 Be7 4. Nf3 b6 5. O-O Bb7 6. Nc3 c5 7. Re1 d6 8. e4 Nbd7 9. d4 cxd4 10. Nxd4 a6 11. e5 dxe5 12. Bxb7 exd4 13. Bxa8 dxc3 14. Bg2 Qc7 15. bxc3 O-O 16. Rb1 Qxc4 17. Qb3 Qc8 18. Be3 Bc5 19. Bxc5 Qxc5 20. Qb4 Qc7 21. Red1 Rc8 22. Bf1 a5 23. Qb5 h5 24. Bg2 h4 25. Rd4 hxg3 26. hxg3 Rb8 27. Rc4 Qd6 28. Rc6 Qd2 29. Qb2 Qd3 30. c4 Ng4 31. Qb3 Qf5 32. Qf3 Qxf3 33. Bxf3 Nge5 34. Bg2 Nxc6 35. Bxc6 Ne5 36. Bb5 Kf8 37. Rd1 Ke7 38. f4 Ng4 39. Rd7+ Kf6 40. Kg2 Kg6 41. a4 f5 42. Rd6 Kf7 43. Kf3 Nf6 44. Rc6 Rb7 45. Ba6 Rb8 46. Bc8 Ne4 47. Bxe6+ Ke7 48. Bxf5 Nd6 49. Bd3 Kd7 50. Be4 Nxe4 51. Rg6 Nd6 52. Rxg7+ Kc6 53. Rg6 Kc5 54. g4 Nxc4 55. Rg5+ Kd4 56. Rb5 Nd6 57. Rb1 Kc5 58. f5 b5 59. Kf4 b4 60. g5 Rf8 61. f6 Kd5 62. Rd1+ Ke6 63. Re1+ Kd5 64. Re5+ Kc6 65. Rxa5 b3 66. Ra6+ Kc7 67. Ra7+ Kc6 68. Rh7 Kd5 69. Rh1 Ne8 70. Rd1+ Ke6 71. Re1+ Kd6 72. Kf5 Ng7+ 73. Kg6 Ne6 74. Rd1+ Ke5 75. Re1+ Kd5 76. Kf5 Nd4+ 77. Kg6 Rg8+ 78. Kh6 Nf5+ 79. Kh5 Ng3+ 80. Kh6 Nf5+ 81. Kh5 Ng3+ 82. Kh6 Nf5+ 1/2-1/2


[Site "https://www.chess.com"]

[Event "Titled Tuesday Blitz October 31 Late 2023"]
[White "Bartel, Michal"]
[Black "Mekhitarian, Krikor Sevag"]
[WhiteFideId "1119257"]
[BlackFideId "2107660"]
[WhiteElo "2614"]
[BlackElo "2750"]
[Result "1/2-1/2"]
[Round "9"]
[TimeControl "180+1"]
[Date "2023.10.31"]
[WhiteClock "0:00:44"]
[BlackClock "0:00:08"]
[Board "24"]

1. e4 e6 2. d4 d5 3. Nc3 Nf6 4. e5 Nfd7 5. Nce2 c5 6. c3 Nc6 7. Nf3 Be7 8. g3 Qa5 9. Bd2 Qb6 10. b3 cxd4 11. cxd4 f6 12. Nf4 Nxd4 13. Nxd4 Qxd4 14. Be2 Nxe5 15. O-O O-O 16. Rc1 Bd6 17. Rxc8 Rfxc8 18. Nxe6 Qe4 19. Bf4 Kh8 20. Re1 Qf5 21. Qxd5 Bb4 22. Rd1 Qc2 23. Bf1 Qc6 24. Bxe5 Qxd5 25. Rxd5 fxe5 26. Rxe5 Re8 27. Bc4 Rac8 28. Rb5 Bd6 29. Ng5 Re7 30. Nf7+ Rxf7 31. Bxf7 b6 32. Rd5 Bc5 33. Be6 Rf8 34. Rd2 g6 35. Kg2 Rf6 36. Bc4 Kg7 37. f4 Rd6 38. Rxd6 Bxd6 39. Kf3 Bc5 40. Ke4 Kf6 41. h3 h6 42. g4 g5 43. f5 a5 44. Kd5 Bf2 45. Kc6 Be3 46. Kb5 Bf2 47. a3 Be3 48. Kc6 Bf2 49. Kd5 Be3 50. Bd3 Bc5 51. a4 Bb4 52. Kc6 Bc5 53. Kd7 Bb4 54. Ke8 Bc5 55. Kd7 Bb4 56. Kc6 Bc5 57. Kd5 Bb4 58. Ke4 Bc5 59. Kf3 Bb4 60. Kg3 Bc5 61. h4 Bd6+ 62. Kh3 Bb4 63. h5 Bc5 64. Kg2 Bb4 65. Kf3 Bc5 66. Ke4 Bb4 67. Kd5 Bc5 68. Kc6 Ke5 69. Bc4 Kf6 70. Kd5 Bb4 71. Bd3 Bc5 72. Kc6 Ke5 73. Kd7 Kf6 74. Bc4 Ke5 75. Ke8 Kf6 76. Bd3 Bb4 77. Bc2 Bc5 78. Kd7 Bb4 79. Kc7 Bc5 80. Kc6 Ke5 81. Kb5 Kf6 82. Kc4 Ke5 83. Bd1 Kf6 84. Be2 Ke5 85. Bf3 Kf6 86. Kd5 Bb4 87. Be4 Bc5 88. Kc4 Ke5 89. Bc2 Kf6 90. Kb5 Ke5 91. Kc6 Kf6 92. Kb5 Ke5 93. Kc4 Kf6 94. b4 Bxb4 95. Kd5 Bc5 96. Bd3 Bb4 97. Bb5 Bc5 98. Bc6 Bg1 99. Bb5 Bc5 100. Bc6 Bb4 101. Bb5 Bc5 1/2-1/2


[Site "https://www.chess.com"]

[Event "Titled Tuesday Blitz October 31 Late 2023"]
[White "Korchmar, Vasiliy"]
[Black "Krishnan, Varun"]
[WhiteFideId "24131750"]
[BlackFideId "5054508"]
[WhiteElo "2741"]
[BlackElo "2611"]
[Result "1/2-1/2"]
[Round "9"]
[TimeControl "180+1"]
[Date "2023.10.31"]
[WhiteClock "0:00:26"]
[BlackClock "0:00:12"]
[Board "25"]

1. e4 c5 2. d4 cxd4 3. Qxd4 Nc6 4. Qd3 g6 5. Nc3 Bg7 6. Nf3 d6 7. Be2 Nf6 8. O-O O-O 9. Nd5 Nxd5 10. exd5 Ne5 11. Nxe5 Bxe5 12. c3 Bg7 13. Bg5 Re8 14. Rfe1 Bd7 15. h4 h5 16. Bf3 Bf5 17. Qe3 Bf6 18. a4 b6 19. Qf4 Qd7 20. a5 bxa5 21. Rxa5 Rab8 22. Qe3 Bxg5 23. hxg5 Rxb2 24. Rxa7 Rb7 25. Rea1 Reb8 26. Qd4 Qc7 27. c4 Bc8 28. R1a6 Qd7 29. Kh2 Qf5 30. Rxb7 Bxb7 31. Rb6 Qxg5 32. Qb2 Qf4+ 33. Kg1 Qxc4 34. Rxb7 Rxb7 35. Qxb7 Qc1+ 36. Kh2 Qf4+ 37. Kh3 Qf5+ 38. Kg3 Qg5+ 39. Kh3 Qf5+ 40. Kh4 Qf4+ 41. Kh3 Qf5+ 1/2-1/2


[Site "https://www.chess.com"]

[Event "Titled Tuesday Blitz October 31 Late 2023"]
[White "Ibadov, Dashgyn"]
[Black "Alex_Sahakyan2006"]
[WhiteFideId "24107514"]
[WhiteElo "2607"]
[BlackElo "2740"]
[Result "1-0"]
[Round "9"]
[TimeControl "180+1"]
[Date "2023.10.31"]
[WhiteClock "0:01:36"]
[BlackClock "0:01:03"]
[Board "26"]

1. e4 Nc6 2. Nf3 d6 3. d4 Nf6 4. Nc3 g6 5. h3 Bg7 6. Be3 O-O 7. Qd2 a6 8. Bh6 b5 9. Bd3 e5 10. d5 Nd4 11. a4 Nxf3+ 12. gxf3 b4 13. Ne2 b3 14. cxb3 Nh5 15. O-O-O Rb8 16. Bc4 Bf6 17. Rhg1 Re8 18. Kb1 Kh8 19. Ka2 Bxh3 20. f4 exf4 21. Nxf4 Nxf4 22. Qxf4 Bd7 23. Rh1 Qe7 24. Qh2 Qe5 25. f4 Qxe4 26. Bg5 h5 27. Bxf6+ Kg8 28. Qxh5 gxh5 29. Rxh5 1-0


[Site "https://www.chess.com"]

[Event "Titled Tuesday Blitz October 31 Late 2023"]
[White "Roberson, Peter T"]
[Black "Gedajlovic, Max"]
[WhiteFideId "412384"]
[BlackFideId "2616840"]
[WhiteElo "2602"]
[BlackElo "2730"]
[Result "0-1"]
[Round "9"]
[TimeControl "180+1"]
[Date "2023.10.31"]
[WhiteClock "0:00:19"]
[BlackClock "0:01:03"]
[Board "27"]

1. e4 e6 2. d4 d5 3. e5 c5 4. c3 Qb6 5. Nf3 Bd7 6. Be2 Bb5 7. dxc5 Bxc5 8. b4 Bxf2+ 9. Kf1 Bc6 10. Qd2 Nh6 11. Qg5 Nf5 12. a4 Be3 13. Bxe3 Nxe3+ 14. Ke1 Nc2+ 15. Kd2 Nxa1 16. Qxg7 Rf8 17. Ng5 Nd7 18. Nxh7 Nb3+ 19. Kc2 Bxa4 20. Nxf8 Nxf8 21. Rf1 O-O-O 22. Rxf7 Nd7 23. Kb2 Qe3 24. Bg4 Qc1+ 25. Ka2 Qc2+ 26. Ka3 Qxb1 27. Kxa4 Qa2+ 28. Kb5 Qa6# 0-1


[Site "https://www.chess.com"]